 Dungeon Crawl Stone Soup version 0.20-a0-379-gc0b65bf (webtiles) character file.

116 AlphabetPasta the Skirmisher (level 5, -11/85 HPs)
             Began as an Ogre Berserker on Dec 27, 2016.
             Was a Believer of Trog.
             Mangled by a kobold
             ... wielding a +2 dagger of electrocution
              (18 damage)
             ... on level 2 of the Dungeon on Dec 28, 2016.
             The game lasted 00:09:45 (1964 turns).

AlphabetPasta the Skirmisher (Ogre Berserker)       Turns: 1964, Time: 00:09:46

Health: -11/85     AC:  3    Str: 26    XL:     5   Next: 0%
Magic:  5/5        EV: 10    Int:  8    God:    Trog [**....]
Gold:   19         SH:  0    Dex:  9    Spells: 4/4 levels left

rFire  . . .     SeeInvis .     g - +0 flail
rCold  . . .     Gourm    .     b - +0 animal skin
rNeg   . . .     Faith    .     (no shield)
rPois  .         Spirit   .     (helmet restricted)
rElec  .         Reflect  .     (no cloak)
rCorr  .         Harm     .     (gloves unavailable)
MR     .....                    (boots unavailable)
Stlth  ..........               (no amulet)
                                (no ring)
                                (no ring)

@: berserking (expiring), very quick
A: unfitting armour, tough skin 1
a: Berserk, Trog's Hand, Burn Spellbooks, Renounce Religion


You were on level 2 of the Dungeon.
You worshipped Trog.
Trog was pleased with you.
You were hungry.

You visited 1 branch of the dungeon, and saw 2 of its levels.

You collected 19 gold pieces.

Inventory:

Hand Weapons
 a - a +0 mace
 g - a +0 flail (weapon)
Armour
 b - a +0 animal skin (worn)
Scrolls
 e - 3 scrolls of fear {unknown}
 h - a scroll of remove curse {unknown}
 j - 2 scrolls of teleportation {unknown}
 k - a scroll of noise {unknown}
Potions
 i - a potion of haste
Comestibles
 c - a bread ration
 d - a chunk of flesh
 f - 2 beef jerkies


   Skills:
 + Level 5.1 Fighting
 * Level 4.1 Maces & Flails
 + Level 1.5 Throwing
 - Level 2.6 Dodging


You had 4 spell levels left.
You didn't know any spells.

Dungeon Overview and Level Annotations

Branches:
Dungeon (2/15)

Altars:
Ru


Innate Abilities, Weirdness & Mutations

You are too large for most types of armour.
You have tough skin. (AC +1)


Message History

A red film seems to cover your vision as you go berserk!
You feel yourself moving faster!
You feel mighty!
You are feeling hungry.
The kobold hits you with a dagger of electrocution.
* * * LOW HITPOINT WARNING * * *
You barely miss the kobold.
The kobold is moderately wounded.
You closely miss the kobold.
The kobold is moderately wounded.
The kobold hits you but does no damage.
You miss the kobold.
The kobold is moderately wounded.
The kobold hits you but does no damage.
You are electrocuted!
* * * LOW HITPOINT WARNING * * *
You barely miss the kobold.
The kobold is moderately wounded.
The kobold hits you with a dagger of electrocution.
* * * LOW HITPOINT WARNING * * *
You are electrocuted!
You die...

#..... ..# #.....
#.####### #..... #.
#.#...%.. ######
..#.##### #.#......
........###........
### .........
......... ....
......#.###)K......
###.
...........@....... #.
#......(.######## ##.
#...((...# #..
#####รท#############
#..
#>............######..
#.#####...............
#.#####.#####.........
#.......######........
########..............


You could see a kobold.

Vanquished Creatures
  3 gnolls (D:2)
  2 adders (D:2)
  An ooze (D:2)
  A worm (D:2)
  A dart slug (D:1)
  3 leopard geckos
  3 giant cockroaches
  9 goblins
  7 hobgoblins
  4 jackals (D:1)
  A quokka (D:1)
  3 ball pythons
  5 bats
  A frilled lizard (D:1)
  5 kobolds
  6 rats
55 creatures vanquished.

Notes
Turn   | Place    | Note
-------+----------+-------------------------------------------
     0 | D:1      | AlphabetPasta the Ogre Berserker began the quest for the Orb.
     0 | D:1      | Reached XP level 1. HP: 24/24 MP: 1/1
    35 | D:1      | Reached XP level 2. HP: 18/33 MP: 2/2
    40 | D:1      | Upgraded the game from 0.20-a0-373-g2e40481 to 0.20-a0-379-gc0b65bf
   617 | D:1      | Reached XP level 3. HP: 40/40 MP: 3/3
   994 | D:2      | Reached ** piety under Trog
   996 | D:2      | Reached skill level 1 in Throwing
  1071 | D:2      | Reached XP level 4. HP: 43/49 MP: 4/4
  1532 | D:2      | Found a sacrificial altar of Ru.
  1788 | D:2      | Reached skill level 5 in Fighting
  1953 | D:2      | Reached XP level 5. HP: 56/57 MP: 5/5
  1964 | D:2      | Mangled by a kobold

Vault maps used:
D:1:      minmay_arrival_glassed_features, wad_floor_pattern_1
D:2:      hangedman_ru_absence, minmay_misc_feat_ornament

Skill      XL: |  1  2  3  4 |
---------------+-------------+-----
Maces & Flails | 3 4 |  4.1
Throwing       | 1 |  1.5
Fighting       | 5 |  5.1
Dodging        | |  2.6

Action                   |  1- 3 |  4- 6 || total
-------------------------+-------+-------++-------
Melee: Mace              |   120 |    26 ||   146
       Flail             |       |    45 ||    45
Invok: Berserk           |     2 |     3 ||     5
  Use: Scroll            |     3 |     1 ||     4
       Potion            |       |     2 ||     2
  Eat: Chunk             |     1 |     6 ||     7
Armor: Animal skin       |    40 |    10 ||    50
Dodge: Dodged            |    62 |    49 ||   111
